Nid, lawful female human Samurai ---------- ------ ----- ---- ----- #.........| |.-..| +.... |..| +....######|........| |.|..| |.... |.. |...| #.....<...| |.----+-----....----+--.-----...| #|........| |...............................| ----.----- ---------- |.-+-----+--.......-|----|---...| #### |........| |.| |......{|.. |...|...| # |........-#########|.| |.......|....|.%%|...| ### |........| `|.----+-----.......|.._.|%%%|...| # |.........###### |%(...........{....|....|%!.|...| ### |........| # |.------+--------.----------|...| # ---------- ### |.|.%]?| |(((.|.| |(((.|.@h| + # |.-..%[| |(((.-.+ |(((.-..@- ##..|.*]!| |]((.|.. |( |...| |.---------------.-----------...| |...%...........................| .----..........------------------ Nid the Kunoichi Experience level: 7 Strength: 18/01 Dexterity: 15 Constitution: 18 Intelligence: 8 Wisdom: 8 Charisma: 7 Health: 0(70) Energy: 34(34) Def: 7 Gold: 58 Moves: 2363 Dungeon seed: t9pDCPXgmhrShJ7G Game ID: Nid_1510422106 Your Inventory: Coins $ - 58 gold pieces Weapons a - a +0 katana (weapon in hand) b - a blessed +0 wakizashi (alternate weapon; not wielded) c - a +0 yumi d - 33 +0 ya (in quiver) w - a cursed +0 javelin E - 6 +0 arrows Armor e - a blessed rustproof +0 splint mail (being worn) q - an uncursed rusty +0 orcish helm (being worn) r - a cursed -1 dwarvish cloak (being worn) y - an uncursed +0 pair of iron shoes (being worn) z - an uncursed +0 dwarvish cloak Comestibles t - an uncursed tripe ration F - an uncursed gunyoki J - 3 uncursed gunyoki Scrolls i - an uncursed scroll of enchant armor u - an uncursed scroll of food detection G - an uncursed scroll of remove curse Spellbooks o - an uncursed spellbook of magic missile Potions I - an uncursed potion of enlightenment Rings j - an uncursed ring of polymorph control Wands n - a wand of create monster (0:15) A - a wand of sleep (0:7) H - a wand of secret door detection (0:11) Tools p - an uncursed brass lantern (0:1174) C - an uncursed tin whistle Spells and supernatural/magical abilities: Name Level Category Fail Memory m - magic missile 2 attack 100% 90% W - pray for help -- divine ? -- Your skills at the end: Fighting Skills martial arts [Basic] Weapon Skills short sword [Basic] long sword [Basic] bow [Basic] Spellcasting Skills Final Attributes: You were stridently aligned. You were fast. You were unlucky. Amaterasu Omikami was angry with you. You are dead. Vanquished creatures: a giant mimic a large mimic a watchman 2 gnome kings a blue jelly a gnome mummy a rock mole 4 gnome lords 2 gnomish wizards a gray ooze a straw golem a giant ant 4 dwarves a homunculus a rabid rat 2 gas spores a hobbit 3 cave spiders a yellow mold 22 gnomes 2 geckos 2 jackals 3 foxes a kobold a goblin 2 grid bugs 2 bats 3 lichens 2 newts 70 creatures vanquished. Voluntary challenges: You used a wielded weapon 101 times, starting on turn 2. You read items or engraved 3 times, starting on turn 6. You never genocided any monsters. You never polymorphed an object. You never changed form. You used no wishes. You never split a pudding. You never wrote Elbereth's name. You violated your moral code, losing 15 points of alignment, starting on turn 2336. Dungeon overview: The Dungeons of Doom: levels 1 to 3 Level 1 an altar to Amaterasu Omikami, a fountain a long staircase Level 2 Level 3 stairs to The Gnomish Mines The Gnomish Mines: levels 4 to 7 Level 4 stairs to The Dungeons of Doom Level 5 Level 6 Level 7 <- You were here many shops, a temple to Susanowo, some fountains History has recorded: On T:1 you entered the Dungeons of Doom to retrieve the Amulet of Yendor! On T:446 you advanced to experience level 2. On T:461 you reached level 2 of The Dungeons of Doom. On T:697 you reached level 3 of The Dungeons of Doom. On T:1003 you advanced to experience level 3. On T:1026 you reached level 1 of The Gnomish Mines. On T:1059 you advanced to experience level 4. On T:1266 you reached level 2 of The Gnomish Mines. On T:1294 you advanced to experience level 5. On T:1737 you advanced to experience level 6. On T:1880 you reached level 3 of The Gnomish Mines. On T:2143 you reached level 4 of The Gnomish Mines. On T:2336 you advanced to experience level 7. Score breakdown: Gold: 58 ( 6023 points) Experience: 7 levels (13645 points) Exploration: 7 levels ( 14.00%) (10497 points) Discoveries: 8 items ( 3.25%) ( 5410 points) Valuables value: (no points given unless you survive) Artifact value: 0 ( 0 points) Variety of kills: 29 monsters ( 7.61%) ( 8276 points) Turncount: 2363 turns ( -247 points) Survival: died (score multiplied by 80%) Total score: 34883 Latest messages: The watchman hits! You miss the watchman. (2x) The watchman thrusts her wakizashi. The watchman just misses! You miss the watchman. The watchman thrusts her wakizashi. The watchman hits! You kill the watchman! You murderer! Welcome to experience level 7. You hear a door open. You are beginning to feel hungry. You miss the watch captain. The watch captain wields a long sword! The watch captain swings her long sword. The watch captain hits! You miss the watch captain. The watch captain swings her long sword. The watch captain hits! The watch captain swings her long sword. The watch captain hits! You die... Final status: Sayonara Nid the Samurai, killed by a watch captain... You died in The Gnomish Mines on dungeon level 7 with 34883 points, and 58 pieces of gold, after 2363 moves. You were level 7 with a maximum of 70 hit points when you died.